 Dungeon Crawl Stone Soup version 0.22-a0-456-g11ed031 (webtiles) character file.

205 galech the Skirmisher (level 5, 0/85 HPs)
             Began as an Ogre Berserker on June 6, 2018.
             Was a Priest of Trog.
             Slain by a phantom (5 damage)
             ... on level 3 of the Dungeon.
             The game lasted 00:05:21 (2422 turns).

galech the Skirmisher (Ogre Berserker)              Turns: 2422, Time: 00:05:21

Health: 0/85       AC:  4    Str: 27    XL:     5   Next: 83%
Magic:  5/5        EV: 11    Int:  8    God:    Trog [***...]
Gold:   135        SH:  0    Dex: 13    Spells: 4/4 levels left

rFire    . . .     SeeInvis .   a - +0 mace
rCold    . . .     Gourm    .   (no shield)
rNeg     + . .     Faith    .   b - +0 animal skin
rPois    .         Spirit   .   (helmet restricted)
rElec    .         Reflect  .   m - +0 cloak
rCorr    .         Harm     .   (gloves unavailable)
MR       ++...                  (boots unavailable)
Stlth    ..........             (no amulet)
HPRegen  1.24/turn              q - ring of positive energy
MPRegen  0.09/turn              n - +5 ring of dexterity

@: berserking (expiring), regenerating, very quick
A: large, unfitting armour, tough skin 1
a: Berserk, Trog's Hand, Renounce Religion


You were on level 3 of the Dungeon.
You worshipped Trog.
Trog was most pleased with you.
You were very hungry.

You visited 1 branch of the dungeon, and saw 4 of its levels.

You collected 135 gold pieces.

Inventory:

Hand Weapons
 a - a +0 mace (weapon)
Armour
 b - a +0 animal skin (worn)
 m - a +0 cloak (worn)
Jewellery
 d - an uncursed ring of resist corrosion
 n - a +5 ring of dexterity (right hand)
 q - a ring of positive energy (left hand)
Scrolls
 e - 3 scrolls of teleportation {unknown}
 g - a scroll of identify {unknown}
 i - 3 scrolls of remove curse
 p - a scroll of blinking {unknown}
Potions
 f - a potion of brilliance {unknown}
 h - a potion of might {unknown}
 j - 2 potions of agility {unknown}
 k - a potion of flight {unknown}
 o - 2 potions of curing {unknown}
Comestibles
 c - 6 rations


   Skills:
 + Level 5.3 Fighting
 + Level 4.5 Maces & Flails
 + Level 3.4 Dodging
 + Level 0.6 Stealth


You had 4 spell levels left.
You didn't know any spells.
Your spell library was empty.

Dungeon Overview and Level Annotations

Branches:
Dungeon (4/15)
 Temple: D:4-7

Altars:

Annotations:
D:4 Blork the orc


Innate Abilities, Weirdness & Mutations

You are too large for most types of armour.
You have tough skin. (AC +1)


Message History

You hit the orc wizard.
The orc wizard is moderately wounded.
The orc wizard casts a spell.
The orc wizard blinks!
You thump the phantom!
The phantom is moderately damaged.
The orc wizard mumbles some strange words.
The orc wizard blinks!
The phantom hits you but does no damage.
You closely miss the phantom.
The phantom is moderately damaged.
You sock the phantom!
The phantom is heavily damaged.
The phantom completely misses you.
The orc wizard mumbles some strange words.
The orc wizard blinks!
The phantom hits you.
* * * LOW HITPOINT WARNING * * *
You feel a strong urge to attack something.
The phantom hits you.
You die...

###..................####.###.##
#....................# #.# #.#
##.##............<....## #.# #.#
...##...##.......##....# #.# #.#
.###....##........##.#.###.# #.#
.#...##....#....[..#.....#.###.##
##...#####...##..................
####..###..#...........#...###(#.
# #......##..#W@...o......##....
# #.##.........#..........>.....
# #.##...##.>....#..........#.##
####.........##...[.............#
.##...#..######.................#
...........................#.....
......#####.###..[......#..#.....
.....## #..##..><..............
.....# ##>##..(.[.............


You could see a phantom and an orc wizard.

Vanquished Creatures
  A howler monkey (D:4)
  An orc wizard (D:3)
  4 adders
  An ooze (D:3)
  2 worms (D:3)
  4 dart slugs
  A leopard gecko (D:2)
  6 orcs
  4 giant cockroaches (D:2)
  6 goblins
  7 hobgoblins
  8 jackals
  10 kobolds
  10 bats
  4 frilled lizards
  9 rats
78 creatures vanquished.

Notes
Turn   | Place    | Note
-------+----------+-------------------------------------------
     0 | D:1      | galech the Ogre Berserker began the quest for the Orb.
     0 | D:1      | Reached XP level 1. HP: 24/24 MP: 1/1
    34 | D:1      | Reached XP level 2. HP: 30/32 MP: 2/2
   328 | D:1      | Reached XP level 3. HP: 31/40 MP: 3/3
   538 | D:1      | Reached ** piety under Trog
   829 | D:2      | Reached XP level 4. HP: 34/49 MP: 4/4
  1797 | D:3      | Reached skill level 5 in Fighting
  1797 | D:3      | Reached XP level 5. HP: 57/57 MP: 5/5
  2157 | D:3      | Reached *** piety under Trog
  2376 | D:4      | Noticed a phantom
  2387 | D:4      | Noticed Blork the orc
  2408 | D:4      | HP: 2/57 [something (8)]
  2414 | D:3      | HP: 2/57 [orc wizard/dagger (2)]
  2421 | D:3      | HP: 4/85 [phantom (6)]
  2422 | D:3      | Slain by a phantom

Vault maps used:
D:1:      grunt_arrival_lava_bath
D:2:      first_ration, grunt_decor_arrowhead
D:3:      minmay_misc_feat_iff
D:4:      grunt_ministairs_8, minmay_crystal_room, uniq_blork_the_orc

Skill      XL: |  1  2  3  4 |
---------------+-------------+-----
Maces & Flails | 3 4 |  4.5
Dodging        | 3 |  3.4
Fighting       | 5 |  5.3
Stealth        | |  0.6

Action                   |  1- 3 |  4- 6 || total
-------------------------+-------+-------++-------
Melee: Mace              |   107 |   132 ||   239
Invok: Berserk           |       |     2 ||     2
       Trog's Hand       |       |     1 ||     1
  Use: Scroll            |     1 |       ||     1
  Eat: Chunk             |       |     6 ||     6
Armor: Animal skin       |    31 |    67 ||    98
Dodge: Dodged            |    54 |   121 ||   175

Table legend:
 A = Spawn XP
 B = Non-spawn XP
 C = Spawn XP percentage of total XP
 D = Spawn monster count
 E = Non-spawn monster count
 F = Spawn count percentage of total count
 G = Total turns spent on level
                    A         B        C        D         E        F      G
               +---------+---------+-------+---------+---------+-------+---------
         Total |       0 |     293 |   0.0 |       0 |      78 |   0.0 |  2422
               +---------+---------+-------+---------+---------+-------+---------
           D:1 |       0 |      52 |   0.0 |       0 |      29 |   0.0 |   669
           D:2 |       0 |      83 |   0.0 |       0 |      27 |   0.0 |  1119
           D:3 |       0 |     100 |   0.0 |       0 |      20 |   0.0 |   592
           D:4 |       0 |      58 |   0.0 |       0 |       2 |   0.0 |    42
               +---------+---------+-------+---------+---------+-------+---------
